 Dungeon Crawl Stone Soup version 0.25.0-10-g039870ee82 (webtiles) character file.

Game seed: 14884384523939287587

551 shadizar the Shield-Bearer (level 7, -6/49 HPs)
             Began as an Octopode Fighter on June 23, 2020.
             Mangled by an orc priest
             ... wielding a +0 war axe
              (7 damage)
             ... on level 5 of the Dungeon.
             The game lasted 00:04:46 (3939 turns).

shadizar the Shield-Bearer (Octopode Fighter)       Turns: 3939, Time: 00:04:47

Health: -6/49      AC:  1    Str: 16    XL:     7   Next: 29%
Magic:  7/7        EV: 13    Int: 10    God:
Gold:   134        SH:  9    Dex: 13    Spells: 6/6 levels left

rFire    . . .     SeeInvis .   a - +0 long sword
rCold    . . .     Gourm    .   b - +0 kite shield
rNeg     . . .     Faith    .   (helmet restricted)
rPois    .         Spirit   .   (no amulet)
rElec    .         Reflect  .   (no ring)
rCorr    .         Harm     .   (no ring)
MR       .....                  (no ring)
Stlth    +++.......             (no ring)
HPRegen  0.16/turn              (no ring)
MPRegen  0.10/turn              (no ring)
                                (no ring)
                                (no ring)

@: no status effects
A: almost no armour, stealthy swim, amphibious, 8 rings, constrict 8, camouflage
1, gelatinous body 1
a: no special abilities


You were on level 5 of the Dungeon.
You were not hungry.

You visited 1 branch of the dungeon, and saw 5 of its levels.

You collected 134 gold pieces.

Inventory:

Hand Weapons
 a - a +0 long sword (weapon)
Armour
 b - a +0 kite shield (worn)
Jewellery
 n - a +4 ring of protection {unknown}
Scrolls
 f - 3 scrolls of teleportation {unknown}
 g - 3 scrolls of immolation {unknown}
 h - a scroll of enchant weapon {unknown}
 i - 4 scrolls of identify {unknown}
 j - a scroll of fear {unknown}
Potions
 c - a potion of might
 e - 2 potions of curing {unknown}
 k - 2 potions of flight {unknown}
 m - 2 potions of berserk rage {unknown}
Comestibles
 d - 11 rations
 l - 2 chunks of flesh


   Skills:
 + Level 4.6 Fighting
 + Level 4.0 Long Blades
 + Level 4.6 Dodging
 + Level 2.3 Stealth
 + Level 4.7 Shields


You had 6 spell levels left.
You didn't know any spells.
Your spell library was empty.

Dungeon Overview and Level Annotations

Branches:
Dungeon (5/15)
 Temple: D:4-7

Altars:
Cheibriados
Ru
Trog
The Shining One

Annotations:
D:4 Dowan, Duvessa, Sigmund


Innate Abilities, Weirdness & Mutations

You cannot wear most types of armour.
You are very stealthy in the water. (Stealth+)
You are amphibious.
You can wear up to eight rings at the same time.
You can use your tentacles to constrict eight enemies at once.
Your skin changes colour to match your surroundings (Stealth+).
Your rubbery body absorbs attacks. (AC +1, EV +1)


Message History

The orc priest calls down the wrath of Beogh upon you.
Beogh smites you!
Things that are here:
a +0 hand axe; a +3 leather armour; an orc corpse The orc priest mumbles some strange prayers to Beogh against you.
Pain shoots through your body!
The orc priest calls down the wrath of Beogh upon you.
Beogh smites you!
Items here: ) ? [ † a +0 dagger; a +0 robe; a scroll labeled CAROIRGH TORUA; an orc corpse You are too injured to fight recklessly!
The orc priest mumbles some strange prayers to Beogh against you.
Beogh smites you!
* * * LOW HITPOINT WARNING * * *
The orc priest hits you with a +0 war axe!
* * * LOW HITPOINT WARNING * * *
You hit the orc priest. Your grab misses the orc priest.
The orc priest is moderately wounded.
The orc priest hits you with a +0 war axe!
You die...

#.# #.# #.#####
########.....###
.......).#.....#
########)#.#.#.#
#..###..#
#.#÷#.#.#
#@#.....####
#.o.....>.(..
#..#.########
##..#.##
+......## #..
#.......#########
....#
#..........).....
#...#
##.......########
#.#.# #........#


You could see an orc priest.

Vanquished Creatures
  A scorpion (D:3)
  A howler monkey (D:5)
  A crimson imp (D:5)
  2 hounds
  3 orc wizards
  Jessica (D:3)
  3 worker ants
  6 adders
  A shadow imp (D:5)
  An ooze (D:5)
  An adder skeleton (D:5)
  3 worms
  3 dart slugs
  7 leopard geckos
  10 orcs
  2 giant cockroaches
  12 goblins
  5 hobgoblins
  13 jackals
  3 quokkas
  5 bats
  2 frilled lizards (D:3)
  12 kobolds
  11 rats
109 creatures vanquished.

Notes
Turn   | Place    | Note
-------+----------+-------------------------------------------
     0 | D:1      | shadizar the Octopode Fighter began the quest for the Orb.
     0 | D:1      | Reached XP level 1. HP: 16/16 MP: 1/1
   299 | D:1      | Reached XP level 2. HP: 21/21 MP: 2/2
   576 | D:1      | Reached XP level 3. HP: 26/26 MP: 3/3
  1186 | D:2      | Found a bloodstained altar of Trog.
  1219 | D:2      | Found a snail-covered altar of Cheibriados.
  1229 | D:2      | Reached XP level 4. HP: 31/31 MP: 4/4
  1772 | D:2      | Reached XP level 5. HP: 29/37 MP: 5/5
  2031 | D:3      | Found a sacrificial altar of Ru.
  2281 | D:3      | Noticed Jessica
  2476 | D:3      | Killed Jessica
  2675 | D:3      | Reached XP level 6. HP: 40/43 MP: 6/6
  2838 | D:3      | Found a glowing golden altar of the Shining One.
  2917 | D:4      | Noticed Duvessa
  3191 | D:4      | Noticed Dowan
  3523 | D:4      | Reached skill level 1 in Stealth
  3529 | D:4      | Noticed Sigmund
  3677 | D:5      | Entered Level 5 of the Dungeon
  3683 | D:5      | Reached XP level 7. HP: 36/49 MP: 7/7
  3938 | D:5      | HP: 1/49 [orc priest/+0 war axe (8)]
  3939 | D:5      | Mangled by an orc priest

Illustrated notes

Levels and vault maps discovered:
D:1:      dpeg_arrival_ternary, layout_basic
D:2:      layout_basic, kennysheep_slug_shrine, first_ration,
          trog_three_pillars_becter
D:3:      layout_loops_cross, nicolae_tso_swordbearing_angel,
          nicolae_ru_great_annihilating_truth, uniq_jessica
D:4:      layout_cave_pools, kennysheep_little_box, uniq_sigmund, uniq_duvessa
D:5:      layout_loops_ring, serial_rivers, chequers_serial_rivers_micro_e,
          chequers_serial_rivers_large_b, chequers_serial_rivers_room_a,
          chequers_serial_rivers_micro_b, chequers_serial_rivers_micro_a,
          chequers_serial_rivers_micro_d

Skill      XL: |  1  2  3  4  5  6  7 |
---------------+----------------------+-----
Long Blades    | 3 4 |  4.0
Shields        | 4 |  4.7
Dodging        | 4 |  4.6
Fighting       | 4 |  4.6
Stealth        | 1 2 |  2.3

Action                   |  1- 3 |  4- 6 |  7- 9 || total
-------------------------+-------+-------+-------++-------
Melee: Long sword        |    52 |   127 |    17 ||   196
       Constrict         |    14 |    46 |     6 ||    66
       Tentacles         |     8 |    35 |     5 ||    48
 Stab: Sleeping          |     2 |     9 |     1 ||    12
       Distracted        |       |     1 |     1 ||     2
       Paralysed         |       |     1 |       ||     1
  Eat: Chunk             |     1 |     8 |     1 ||    10
Armor: Skin              |     2 |     5 |       ||     7
Dodge: Dodged            |    25 |    66 |     7 ||    98
Block: Kite shield       |    22 |    66 |     1 ||    89
       Rpst.: Long sword |     7 |    22 |     2 ||    31
